NCAA
GEORGETOWN HOYAS @ TEXAS TECH RED RAIDERS
05/20/2023
 
TOP OF THE 1ST
Georgetown Hoyas batting - Pitching for Texas Tech Red Raiders : LHP Bryan Richardson
Pitching: LHP Bryan Richardson
Batting: LHB Ken Bullard 0-0: Called Strike
0-1: Foul Ball, location: 2F
0-2: SINGLE (Groundball, 6MD)
Batting: SHB Jeffrey MacNeill 0-0: Reached on Error, E9 (Flyball, 89M)
Ken Bullard to second
Batting: RHB John Stewart 0-0: Swinging Strike
0-1: Swinging Strike
0-2: Ball
1-2: Foul Ball, location: 2F
1-2: Strikes out looking
Batting: RHB Ron King 0-0: Ball
Ken Bullard steals 3rd base
Jeffrey MacNeill to second
1-0: Called Strike
1-1: Ball
2-1: Ball
3-1: Foul Ball, location: 2F
3-2: Base on Balls
Batting: LHB Alan McGilroy 0-0: Swinging Strike
0-1: Ball
1-1: Fly out, F4 (Popup, 34)
Batting: RHB Gilberto Ferrer 0-0: Ground out 3-1 (Groundball, 34)
Top of the 1st over - 0 run(s), 1 hit(s), 1 error(s), 3 left on base; Georgetown 0 - Texas Tech 0
BOTTOM OF THE 1ST
Texas Tech Red Raiders batting - Pitching for Georgetown Hoyas : RHP Walt Wolfe
Pitching: RHP Walt Wolfe
Batting: RHB Terry Whitney 0-0: Called Strike
0-1: Ball
1-1: Ground out 1-3 (Groundball, 25)
Batting: LHB Albert Cardona 0-0: Called Strike
0-1: Foul Ball, location: 2F
0-2: Ball
1-2: Foul Ball, location: 2F
1-2: Strikes out swinging
Batting: RHB Luis Martínez 0-0: Ball
1-0: Foul Ball, location: 2F
1-1: Swinging Strike
1-2: Strikes out looking
Bottom of the 1st over - 0 run(s), 0 hit(s), 0 error(s), 0 left on base; Georgetown 0 - Texas Tech 0
TOP OF THE 2ND
Georgetown Hoyas batting - Pitching for Texas Tech Red Raiders : LHP Bryan Richardson
Batting: LHB Tim Rose 0-0: Hit by Pitch
Batting: LHB José De La Cruz 0-0: Ball
1-0: Foul Ball, location: 2F
1-1: Called Strike
1-2: Ball
2-2: Ball
3-2: Foul Ball, location: 2F
3-2: Base on Balls
Tim Rose to second
Batting: SHB Edward Weber 0-0: Called Strike
0-1: Ball
1-1: Foul Ball, location: 2F
1-2: Foul Ball, location: 2F
1-2: Grounds into double play, 6-4-3 (Groundball, 6)
Tim Rose to third
Batting: LHB Ken Bullard 0-0: Called Strike
0-1: Fly out, F7 (Flyball, 7M)
Top of the 2nd over - 0 run(s), 0 hit(s), 0 error(s), 1 left on base; Georgetown 0 - Texas Tech 0
BOTTOM OF THE 2ND
Texas Tech Red Raiders batting - Pitching for Georgetown Hoyas : RHP Walt Wolfe
Batting: RHB Walton Smith 0-0: Foul Ball, location: 2F
0-1: Ball
1-1: Foul Ball, location: 2F
1-2: Ball
2-2: SINGLE (Groundball, 6MD)
Batting: LHB Micheal Morgan 0-0: Ball
1-0: 2-RUN HOME RUN (Flyball, 8RXD), Distance : 401 ft
Batting: RHB Doug Williams 0-0: Ball
1-0: Foul Ball, location: 2F
1-1: Swinging Strike
1-2: Strikes out looking
Batting: RHB Oliver Todd 0-0: Called Strike
0-1: Fly out, F2 (Popup, 2RF)
Batting: RHB Steven Hill 0-0: Fly out, F9 (Flyball, 89M)
Bottom of the 2nd over - 2 run(s), 2 hit(s), 0 error(s), 0 left on base; Georgetown 0 - Texas Tech 2
TOP OF THE 3RD
Georgetown Hoyas batting - Pitching for Texas Tech Red Raiders : LHP Bryan Richardson
Batting: SHB Jeffrey MacNeill 0-0: Foul Ball, location: 2F
0-1: Ball
1-1: Swinging Strike
1-2: Foul Ball, location: 2F
1-2: Ball
2-2: Ball
3-2: Ground out 1-3 (Groundball, 23)
Batting: RHB John Stewart 0-0: Called Strike
0-1: Ball
1-1: Ball
2-1: Foul Ball, location: 2F
2-2: Strikes out swinging
Batting: RHB Ron King 0-0: Ground out 4-3 (Groundball, 4)
Top of the 3rd over - 0 run(s), 0 hit(s), 0 error(s), 0 left on base; Georgetown 0 - Texas Tech 2
BOTTOM OF THE 3RD
Texas Tech Red Raiders batting - Pitching for Georgetown Hoyas : RHP Walt Wolfe
Batting: RHB Bruce Jones 0-0: Ball
1-0: Ball
2-0: Ball
3-0: Base on Balls
Batting: RHB Terry Whitney 0-0: Ball
1-0: Foul Ball, location: 2F
1-1: Ball
Wild Pitch!
Bruce Jones to second
2-1: Called Strike
2-2: Ball
3-2: Base on Balls
Batting: LHB Albert Cardona 0-0: Grounds into double play, 4-6-3 (Groundball, 4)
Bruce Jones to third
Batting: RHB Luis Martínez 0-0: Called Strike
0-1: Ball
1-1: Foul Ball, location: 2F
1-2: Ball
2-2: Foul Ball, location: 2F
2-2: SINGLE (Line Drive, 78S)
Bruce Jones scores
Batting: RHB Walton Smith 0-0: Swinging Strike
0-1: Fielders Choice at 2nd, 6-4 (Groundball, 6)
Bottom of the 3rd over - 1 run(s), 1 hit(s), 0 error(s), 0 left on base; Georgetown 0 - Texas Tech 3
TOP OF THE 4TH
Georgetown Hoyas batting - Pitching for Texas Tech Red Raiders : LHP Bryan Richardson
Batting: LHB Alan McGilroy 0-0: Ball
1-0: Ball
2-0: TRIPLE (Line Drive, 89M)
Batting: RHB Gilberto Ferrer 0-0: Ball
1-0: Ball
2-0: Ball
3-0: Called Strike
3-1: Called Strike
3-2: Strikes out swinging
Batting: LHB Tim Rose 0-0: Called Strike
0-1: Foul Ball, location: 2F
0-2: Fly out, F9 (Flyball, 89S)
Batting: LHB José De La Cruz 0-0: Ball
1-0: Ball
2-0: Called Strike
2-1: Foul Ball, location: 2F
2-2: Strikes out swinging
Top of the 4th over - 0 run(s), 1 hit(s), 0 error(s), 1 left on base; Georgetown 0 - Texas Tech 3
BOTTOM OF THE 4TH
Texas Tech Red Raiders batting - Pitching for Georgetown Hoyas : RHP Walt Wolfe
Batting: LHB Micheal Morgan 0-0: SINGLE (Line Drive, 8RS)
Batting: RHB Doug Williams 0-0: Called Strike
0-1: Called Strike
0-2: Strikes out looking
Batting: RHB Oliver Todd 0-0: Swinging Strike
0-1: Grounds into double play, 5-4-3 (Groundball, 56)
Bottom of the 4th over - 0 run(s), 1 hit(s), 0 error(s), 0 left on base; Georgetown 0 - Texas Tech 3
TOP OF THE 5TH
Georgetown Hoyas batting - Pitching for Texas Tech Red Raiders : LHP Bryan Richardson
Batting: SHB Edward Weber 0-0: Ball
1-0: Called Strike
1-1: Hit by Pitch
Batting: LHB Ken Bullard 0-0: Fly out, F6 (Popup, 6MD)
Batting: SHB Jeffrey MacNeill 0-0: Ball
1-0: Ball
2-0: Foul Ball, location: 2F
2-1: Foul Ball, location: 2F
2-2: Ball
3-2: Base on Balls
Edward Weber to second
Batting: RHB John Stewart 0-0: Grounds into double play, 6-4-3 (Groundball, 6)
Top of the 5th over - 0 run(s), 0 hit(s), 0 error(s), 1 left on base; Georgetown 0 - Texas Tech 3
BOTTOM OF THE 5TH
Texas Tech Red Raiders batting - Pitching for Georgetown Hoyas : RHP Walt Wolfe
Batting: RHB Steven Hill 0-0: Fly out, F8 (Flyball, 8LM)
Batting: RHB Bruce Jones 0-0: Ground out 6-3 (Groundball, 6)
Batting: RHB Terry Whitney 0-0: Called Strike
0-1: Fly out, F6 (Popup, 6MD)
Bottom of the 5th over - 0 run(s), 0 hit(s), 0 error(s), 0 left on base; Georgetown 0 - Texas Tech 3
TOP OF THE 6TH
Georgetown Hoyas batting - Pitching for Texas Tech Red Raiders : LHP Bryan Richardson
Batting: RHB Ron King 0-0: Called Strike
0-1: Ball
1-1: Swinging Strike
1-2: Ball
2-2: Foul Ball, location: 2F
2-2: Fly out, F9 (Flyball, 9M)
Pitching: RHP Paul Fisher
Batting: LHB Alan McGilroy 0-0: Called Strike
0-1: SOLO HOME RUN (Flyball, 8LXD), Distance : 389 ft
Batting: RHB Gilberto Ferrer 0-0: Ball
1-0: Ball
2-0: Called Strike
2-1: Fly out, F8 (Flyball, 8LM)
Batting: LHB Tim Rose 0-0: SINGLE (Line Drive, 6M)
Batting: LHB José De La Cruz 0-0: Called Strike
0-1: Ball
1-1: Ball
2-1: Ball
3-1: Base on Balls
Tim Rose to second
Batting: SHB Edward Weber 0-0: Ball
1-0: Called Strike
1-1: Foul Ball, location: 2F
1-2: Strikes out swinging
Top of the 6th over - 1 run(s), 2 hit(s), 0 error(s), 2 left on base; Georgetown 1 - Texas Tech 3
BOTTOM OF THE 6TH
Texas Tech Red Raiders batting - Pitching for Georgetown Hoyas : RHP Walt Wolfe
Batting: LHB Albert Cardona 0-0: SINGLE (Line Drive, 8LS)
Batting: RHB Luis Martínez 0-0: Ball
1-0: Foul Ball, location: 2F
1-1: Ball
2-1: Ball
3-1: Foul Ball, location: 2F
3-2: SINGLE (Line Drive, 78S)
Albert Cardona to second
Albert Cardona to third
Batting: RHB Walton Smith 0-0: Called Strike
0-1: Hit by Pitch
Luis Martínez to second
Batting: LHB Micheal Morgan 0-0: Ball
1-0: Called Strike
1-1: Fly out, F6 (Popup, 56D)
Batting: RHB Doug Williams 0-0: Called Strike
0-1: Foul Ball, location: 2F
0-2: Ball
1-2: Ball
2-2: SINGLE (Line Drive, 9S)
Albert Cardona scores
Luis Martínez to third
Walton Smith to second
Runner from 3rd tries for Home, SAFE, no throw or cutoff
Batting: RHB Oliver Todd 0-0: Foul Ball, location: 2F
0-1: Ball
1-1: Ball
2-1: Fly out, F6 (Popup, 6D)
Batting: RHB Steven Hill 0-0: Called Strike
0-1: Swinging Strike
0-2: Strikes out swinging
Bottom of the 6th over - 2 run(s), 3 hit(s), 0 error(s), 2 left on base; Georgetown 1 - Texas Tech 5
TOP OF THE 7TH
Georgetown Hoyas batting - Pitching for Texas Tech Red Raiders : RHP Paul Fisher
Batting: LHB Ken Bullard 0-0: Ball
1-0: SINGLE (Line Drive, 34D)
Batting: SHB Jeffrey MacNeill 0-0: Foul Ball, location: 2F
0-1: Foul Ball, location: 2F
0-2: Foul Ball, location: 2F
0-2: Ball
1-2: Foul Ball, location: 2F
1-2: Strikes out swinging
Batting: RHB John Stewart 0-0: Ball
1-0: DOUBLE (Flyball, 89M)
Ken Bullard to third
Batting: RHB Ron King 0-0: SINGLE (Groundball, 34D)
Ken Bullard scores
John Stewart to third
Runner from 3rd tries for Home, SAFE, no throw or cutoff
Pitching: RHP Jorge Ramírez
Batting: LHB Alan McGilroy 0-0: Ball
1-0: Ball
2-0: Foul Ball, location: 2F
2-1: Called Strike
2-2: Strikes out swinging
Batting: RHB Gilberto Ferrer 0-0: Ball
1-0: Ball
2-0: Ball
3-0: Called Strike
3-1: Foul Ball, location: 2F
3-2: Reached on error, E6 (Groundball, 6)
Ron King to second
Batting: LHB Tim Rose 0-0: Ball
1-0: Ball
2-0: Ball
3-0: Swinging Strike
3-1: Foul Ball, location: 2F
3-2: Foul Ball, location: 2F
3-2: Strikes out swinging
Top of the 7th over - 2 run(s), 3 hit(s), 1 error(s), 2 left on base; Georgetown 3 - Texas Tech 5
BOTTOM OF THE 7TH
Texas Tech Red Raiders batting - Pitching for Georgetown Hoyas : RHP Walt Wolfe
Batting: RHB Bruce Jones 0-0: Ball
1-0: DOUBLE (Flyball, 8LM)
Pitching: LHP José Hernández
Batting: RHB Terry Whitney 0-0: Ball
1-0: Ball
2-0: Ball
3-0: Called Strike
3-1: Bunted foul
3-2: Foul Ball, location: 2F
3-2: Strikes out looking
Batting: LHB Albert Cardona 0-0: Ball
1-0: Ball
2-0: DOUBLE (Line Drive, 89M)
Bruce Jones scores
Batting: RHB Luis Martínez 0-0: Intentional Walk
Batting: RHB Walton Smith 0-0: Called Strike
0-1: Foul Ball, location: 2F
0-2: Ball
1-2: Foul Ball, location: 2F
1-2: Grounds into double play, 3-6-3 (Groundball, 3)
Bottom of the 7th over - 1 run(s), 2 hit(s), 0 error(s), 1 left on base; Georgetown 3 - Texas Tech 6
TOP OF THE 8TH
Georgetown Hoyas batting - Pitching for Texas Tech Red Raiders : RHP Jorge Ramírez
Batting: LHB José De La Cruz 0-0: Swinging Strike
0-1: Called Strike
0-2: Ball
1-2: Ball
2-2: Foul Ball, location: 2F
2-2: Strikes out swinging
Batting: SHB Edward Weber 0-0: Ball
1-0: Foul Ball, location: 2F
1-1: Reached on error, E6 (Groundball, 6M)
Batting: LHB Ken Bullard 0-0: Called Strike
0-1: DOUBLE (Groundball, 3L)
Edward Weber to third
Batting: SHB Jeffrey MacNeill 0-0: Called Strike
0-1: Ground out 6-3 (Groundball, 6)
Edward Weber scores
Ken Bullard to third
Batting: RHB John Stewart 0-0: Called Strike
0-1: Ball
1-1: SINGLE (Line Drive, 4M)
Ken Bullard scores
Batting: RHB Ron King 0-0: Called Strike
0-1: DOUBLE (Line Drive, 9LS)
John Stewart to third
Runner from 3rd tries for Home, SAFE, no throw or cutoff
Pitching: RHP Alan Bailey
Batting: LHB Alan McGilroy 0-0: Called Strike
0-1: Called Strike
0-2: Foul Ball, location: 2F
0-2: Ball
1-2: Strikes out looking
Top of the 8th over - 3 run(s), 3 hit(s), 1 error(s), 1 left on base; Georgetown 6 - Texas Tech 6
BOTTOM OF THE 8TH
Texas Tech Red Raiders batting - Pitching for Georgetown Hoyas : LHP José Hernández
Batting: LHB Micheal Morgan 0-0: Called Strike
0-1: Ball
1-1: Called Strike
1-2: Strikes out swinging
Batting: RHB Doug Williams 0-0: Ball
1-0: Swinging Strike
1-1: Foul Ball, location: 2F
1-2: Ball
2-2: Strikes out looking
Batting: RHB Oliver Todd 0-0: Ball
1-0: Called Strike
1-1: SOLO HOME RUN (Flyball, 8RXD), Distance : 395 ft
Batting: RHB Steven Hill 0-0: Called Strike
0-1: Ball
1-1: Ball
2-1: Called Strike
2-2: Strikes out looking
Bottom of the 8th over - 1 run(s), 1 hit(s), 0 error(s), 0 left on base; Georgetown 6 - Texas Tech 7
TOP OF THE 9TH
Georgetown Hoyas batting - Pitching for Texas Tech Red Raiders : RHP Alan Bailey
Pitching: RHP Ronald Stone
Batting: RHB Gilberto Ferrer 0-0: Fly out, F9 (Flyball, 89S)
Batting: LHB Tim Rose 0-0: Ball
1-0: Ball
2-0: Ball
3-0: Called Strike
3-1: Base on Balls
Batting: LHB José De La Cruz 0-0: Ball
1-0: Ball
2-0: Called Strike
2-1: Ball
3-1: Grounds into double play, 4-6-3 (Groundball, 4)
Top of the 9th over - 0 run(s), 0 hit(s), 0 error(s), 0 left on base; Georgetown 6 - Texas Tech 7
This league is powered by Out of the Park Baseball, the baseball management simulation game for PC, Mac and Linux
Wednesday, December 2nd, 2015 - OOTP Baseball 16.8 Build 38